 Dungeon Crawl Stone Soup version 0.25.0-9-g26727b657a (webtiles) character file.

Game seed: 1704713186885407769

317 Esekla the Sneak (level 6, -2/52 HPs)
             Began as a Deep Dwarf Enchanter on June 21, 2020.
             Was an Initiate of Makhleb.
             Slain by a gnoll
             ... wielding a +0 flail
              (10 damage)
             ... on level 4 of the Dungeon.
             The game lasted 00:22:00 (3295 turns).

Esekla the Sneak (Deep Dwarf Enchanter)             Turns: 3295, Time: 00:22:00

Health: -2/52      AC:  4    Str: 12    XL:     6   Next: 20%
Magic:  7/7        EV: 13    Int: 17    God:    Makhleb [......]
Gold:   110        SH:  0    Dex: 13    Spells: 6/10 levels left

rFire    . . .     SeeInvis .   s - +2 hand axe (flame)
rCold    . . .     Gourm    .   (no shield)
rNeg     . . .     Faith    .   b - +0 robe
rPois    .         Spirit   .   j - +0 helmet
rElec    .         Reflect  .   (no cloak)
rCorr    .         Harm     .   (no gloves)
MR       .....                  h - +0 pair of boots
Stlth    +++.......             (no amulet)
HPRegen  0.00/turn              (no ring)
MPRegen  0.10/turn              (no ring)

@: non-regenerating
A: damage resistance, heal wounds, sense surroundings 1, no regeneration
a: Heal Wounds, Renounce Religion


You were on level 4 of the Dungeon.
You worshipped Makhleb.
Makhleb was noncommittal.
You were not hungry.

You visited 1 branch of the dungeon, and saw 4 of its levels.

You collected 110 gold pieces.

Inventory:

Hand Weapons
 a - a +1 dagger
 p - a +2 dagger of protection
 r - a +0 long sword
 s - a +2 hand axe of flaming (weapon)
Missiles
 i - 12 poisoned darts (quivered)
 m - 4 silver boomerangs
 o - 14 boomerangs
 w - 6 curare-tipped darts
Armour
 b - a +0 robe (worn)
 h - a +0 pair of boots (worn)
 j - a +0 helmet (worn)
Scrolls
 c - 4 scrolls of remove curse {unknown}
 e - a scroll of blinking {unknown}
 g - a scroll of magic mapping {unknown}
 l - 5 scrolls of identify {unknown}
 t - a scroll of noise {unknown}
 u - 3 scrolls of teleportation {unknown}
 v - 2 scrolls of fog {unknown}
 x - a scroll of fear {unknown}
Potions
 f - 2 potions of curing {unknown}
 k - 2 potions of heal wounds {unknown}
 n - 2 potions of brilliance {unknown}
 q - 2 potions of flight {unknown}
Comestibles
 d - 7 rations
 z - 7 chunks of flesh


   Skills:
 * Level 2.2 Fighting
 + Level 1.5 Short Blades
 * Level 2.0 Axes
 * Level 3.6 Dodging
 + Level 5.2 Stealth
 * Level 2.8 Spellcasting
 * Level 2.5 Hexes


You had 6 spell levels left.
You knew the following spells:

 Your Spells              Type           Power        Failure   Level  Hunger
a - Corona                Hex            ##.....      6%          1    #......
d - Tukima's Dance        Hex            ##......     19%         3    ###....

Your spell library contained the following spells:

 Spells                   Type           Power        Failure   Level  Hunger
 Ensorcelled Hibernation  Hex/Ice        #.....       16%         2    ##.....
 Confusing Touch          Hex            ##......     19%         3    ###....
 Dazzling Flash           Conj/Hex       #.....       30%         3    ###....


Dungeon Overview and Level Annotations

Branches:
Dungeon (4/15)
 Temple: D:4-7

Altars:
Ashenzari
Elyvilon
Makhleb
Sif Muna
Zin

Shops:
D:4 (


Innate Abilities, Weirdness & Mutations

You are resistant to damage.
You can heal yourself by infusing magical energy.
You passively map a small area around you.
You do not regenerate.


Message History

The worker ant misses you.
You slash the worker ant! You burn the worker ant.
You kill the worker ant!
Makhleb accepts your kill.
Your Stealth skill increases to level 5!
You hit the gnoll but do no damage. The gnoll hits you with a +0 flail.
* * * LOW HITPOINT WARNING * * *
You hit the gnoll. You burn the gnoll.
The gnoll is severely wounded.
The gnoll barely misses you.
You barely miss the gnoll.
The gnoll is severely wounded.
The gnoll barely misses you.
You barely miss the gnoll.
The gnoll is severely wounded.
The gnoll hits you with a +0 flail.
You closely miss the gnoll.
The gnoll is severely wounded.
The gnoll hits you with a +0 flail!
You die...

.##g.###..#≈⌠.⌠≈######.#####.#
.###.# #.##≈≈≈≈≈ #.#####.#
.g...###..###### #.......#
.###......ga.g.# #########
.###.....#####.#*## .......###
#.##.# ######.# #.#.#, #.....#
#.g## * #.....# ###@# #.....#
##..# #.....# #.#* #.....# *
_.. * ####### ,#.# *, *, .# *,
*# , * ,* ,


You could see a gnoll.

Vanquished Creatures
  2 hounds
  2 orc priests (D:4)
  2 worker ants (D:4)
  2 gnolls
  6 adders
  3 worms
  2 dart slugs (D:2)
  3 leopard geckos
  9 orcs
  2 ball pythons
  2 giant cockroaches
  3 goblins
  A hobgoblin (D:1)
  6 jackals
  4 kobolds
  A quokka (D:2)
  5 bats
  A frilled lizard (D:1)
  2 rats
  A plant (D:3)
59 creatures vanquished.

Notes
Turn   | Place    | Note
-------+----------+-------------------------------------------
     0 | D:1      | Esekla the Deep Dwarf Enchanter began the quest for the
                  | Orb.
     0 | D:1      | Reached XP level 1. HP: 15/15 MP: 3/3
   163 | D:1      | Reached XP level 2. HP: 17/24 MP: 5/5
   244 | D:2      | Reached skill level 1 in Short Blades
   244 | D:2      | Reached skill level 4 in Stealth
   387 | D:3      | Reached skill level 1 in Fighting
   387 | D:3      | Reached XP level 3. HP: 14/31 MP: 6/6
   482 | D:2      | Found a shattered altar of Ashenzari.
   852 | D:3      | Reached XP level 4. HP: 14/38 MP: 7/7
  1627 | D:3      | Found a burning altar of Makhleb.
  1627 | D:3      | Noticed a green death
  1630 | D:3      | Noticed a hellwing
  1630 | D:3      | Noticed a smoke demon
  1632 | D:3      | Became a worshipper of Makhleb the Destroyer
  1841 | D:1      | Reached XP level 5. HP: 33/45 MP: 6/6
  1974 | D:1      | Learned a level 3 spell: Tukima's Dance
  2593 | D:3      | Found a glowing silver altar of Zin.
  3087 | D:4      | Reached skill level 1 in Axes
  3098 | D:4      | Found a white marble altar of Elyvilon.
  3129 | D:4      | Found Jiulloho's Antique Weapon Boutique.
  3167 | D:4      | Reached XP level 6. HP: 35/52 MP: 7/7
  3280 | D:4      | Found a shimmering blue altar of Sif Muna.
  3290 | D:4      | Reached skill level 5 in Stealth
  3295 | D:4      | Slain by a gnoll

Illustrated notes

Levels and vault maps discovered:
D:1:      lemuel_arrival_tunnels, layout_basic
D:2:      layout_rooms, nicolae_ashenzari_panopticon
D:3:      layout_basic, lemuel_doored_altar, serial_forest,
          infiniplex_forest_corner_1, infiniplex_forest_end_3,
          infiniplex_forest_clump_long, infiniplex_forest_clump_small,
          infiniplex_forest_clump_diagonal, infiniplex_forest_pool,
          infiniplex_forest_lined_room_3, infiniplex_forest_end_1,
          infiniplex_forest_clump_C, infiniplex_forest_lined_3_way,
          first_ration, makhleb_altar_promises_db
D:4:      layout_loops_cross, kennysheep_little_box, lemuel_crystal_altar,
          serial_shops, shop

Skill      XL: |  1  2  3  4  5  6 |
---------------+-------------------+-----
Spellcasting   | 2 |  2.8
Short Blades   | 1 |  1.5
Stealth        | 4 5 |  5.2
Fighting       | 1 2 |  2.2
Dodging        | 3 |  3.6
Axes           | 2 |  2.0
Hexes          | |  2.5

Action                   |  1- 3 |  4- 6 || total
-------------------------+-------+-------++-------
Melee: Dagger            |    89 |   105 ||   194
       Falchion          |       |    58 ||    58
       Hand axe          |       |    84 ||    84
       Long sword        |       |    11 ||    11
 Abil: Heal Wounds       |       |     4 ||     4
 Stab: Sleeping          |     6 |     7 ||    13
  Eat: Chunk             |       |     8 ||     8
Armor: Robe              |    27 |    41 ||    68
Dodge: Dodged            |    70 |   100 ||   170
       Rpst.: Long sword |       |     3 ||     3
